 Dungeon Crawl Stone Soup version 0.30.0-29-ga12c61a403 (webtiles) character file.

Game seed: 9075844128732599334

115 monsoonserge the Cudgeller (level 5, -2/46 HPs)
             Began as a Meteoran Cinder Acolyte on June 21, 2023.
             Was a High Priest of Ignis.
             Slain by a gnoll
             ... wielding a +0 spear
              (3 damage)
             ... on level 2 of the Dungeon.
             The game lasted 00:06:16 (952 turns).

monsoonserge the Cudgeller (Meteoran Cinder Acolyte) Turns: 952, Time: 00:06:17

Health: -2/46      AC:  7    Str: 17    XL:     5   Next: 44%
Magic:  8/8        EV:  9    Int: 15    God:    Ignis [*****.]
Gold:   81         SH:  0    Dex: 10    Spells: 4/6 levels left

rFire   + . .        l - +2 quarterstaff (chaos)
rCold   . . .        (shield currently unavailable)
rNeg    . . .        u - +0 scale mail
rPois   .            (no helmet)
rElec   .            m - +0 cloak
rCorr   .            (no gloves)
SInv    .            (no boots)
Will    .....        (no amulet) Stlth
                     (no ring)
HPRegen 0.27/turn    (no ring)
MPRegen 0.11/turn

%: no passive effects
@: glowing
A: sense surroundings 1, otherworldly, glowing, explore regen
a: Renounce Religion, Fiery Armour, Foxfire Swarm, Rising Flame


You were on level 2 of the Dungeon.
You worshipped Ignis.
Ignis was extremely pleased with you.
You visited 1 branch of the dungeon, and saw 2 of its levels.

You collected 81 gold pieces.

Inventory:

Hand Weapons
 a - a -1 mace of flaming
 i - a +1 whip of electrocution
 l - a +2 quarterstaff of chaos (weapon)
 o - the +4 long sword "Sairoij" {protect, rPois Str+6}
   (You found it on level 2 of the Dungeon)

   Str:       It affects your strength (+6).
   rPois:     It protects you from poison.
Missiles
 c - 5 datura-tipped darts (quivered)
Armour
 b - a +0 robe
 f - a +0 hat
 j - a +0 leather armour
 m - a +0 cloak (worn)
 p - a +0 ring mail
 u - a +0 scale mail (worn)
Jewellery
 h - a ring of ice
Scrolls
 k - a scroll of teleportation {unknown}
 n - a scroll of noise {unknown}
 q - a scroll of identify {unknown}
 r - a scroll of fog {unknown}
 s - a scroll of brand weapon {unknown}
 t - a scroll of immolation {unknown}
Potions
 d - 3 potions of heal wounds {unknown}
 e - a potion of cancellation {unknown}
 g - 2 potions of resistance {unknown}


   Skills:
 + Level 4.2 Fighting
 - Level 5.0(5.1) Maces & Flails
 + Level 1.0(3.0) Staves
 * Level 1.6 Armour
 + Level 1.5 Dodging
 + Level 1.3 Spellcasting
 + Level 4.1 Fire Magic


You had 4 spell levels left.
You knew the following spells:

 Your Spells              Type           Power      Damage    Failure   Level
a - Scorch                Fire           26%        2d6       22%         2

Your spell library contained the following spells:

 Spells                   Type           Power      Damage    Failure   Level
 Apportation              Tloc           2%         N/A       63%         1
 Necrotise                Necr           4%         1d4       63%         1
 Summon Small Mammal      Summ           4%         N/A       63%         1


Dungeon Overview and Level Annotations

Branches:
Dungeon (2/15) Zot: 230

Altars:

Shops:
D:1 *   D:2 !


Innate Abilities, Weirdness & Mutations

You passively map a small area around you.
You are easily found by Zot.
You glow in the dark.
You regain HP and MP as you explore.


Message History

You hit the gnoll.
The gnoll is moderately wounded.
The gnoll hits you but does no damage. The gnoll completely misses you.
You barely miss the gnoll.
The gnoll is moderately wounded.
The gnoll hits you from afar with a +0 spear.
The gnoll barely misses you.
You sock the gnoll!
You kill the gnoll!
The gnoll hits you but does no damage.
Your base Staves skill increases to level 1!
The gnoll hits you from afar with a +0 spear.
You see here a +0 club.
The gnoll hits you with a +0 spear.
* * * LOW HITPOINT WARNING * * *
There is an open door here.
You closely miss the gnoll. The gnoll hits you but does no damage.
You closely miss the gnoll. The gnoll hits you with a +0 spear.
* * * LOW HITPOINT WARNING * * *
You hit the gnoll.
The gnoll is lightly wounded.
The gnoll hits you but does no damage.
You hit the gnoll but do no damage.
The gnoll is lightly wounded.
The gnoll hits you with a +0 spear.
* * * LOW HITPOINT WARNING * * *
The gnoll hits you with a +0 spear.
* * * LOW HITPOINT WARNING * * *
You barely miss the gnoll.
The gnoll is lightly wounded.
The gnoll hits you with a +0 spear.
* * * LOW HITPOINT WARNING * * *
You hit the gnoll but do no damage.
The gnoll is lightly wounded.
The gnoll hits you with a +0 spear.
* * * LOW HITPOINT WARNING * * *
You hit the gnoll. You freeze the gnoll.
The gnoll is heavily wounded.
The gnoll hits you with a +0 spear.
You die...

#.>...........###.#.#
*#8###
###.#.#.#####...#.#.. ##
* , #.#.#.# #.#.#..... *
* , #.#.#.# #.#.......+
*,* ,
###.#.#.#####...#.....#
, ,
....#.#..#.†....#.#####
, ....#.#....##...#.# *
8 ,
....#.#.#..8#..)#.###
...##.#.#..##...@g..# ,
...'..#....##..)#......#
###...##...##..#####..!#
#8....8#...8#... , ...
#.....##...##... ,,, . 8
.....##....##.... ,, ,
....##....†##.... *
...8##......#.#* ,
..#####.#..##


8 You could see a gnoll.

Vanquished Creatures
  Crazy Yiuf (D:2)
  Terence (D:2)
  2 gnolls (D:2)
  A worm (D:2)
  A dart slug (D:1)
  3 endoplasms (D:1)
  2 goblins (D:1)
  4 hobgoblins
  4 jackals (D:1)
  2 quokkas
  3 ball pythons
  5 bats
  2 frilled lizards (D:2)
  2 kobolds (D:1)
  4 rats
37 creatures vanquished.

Notes
Turn   | Place    | Note
-------+----------+-------------------------------------------
     0 | D:1      | monsoonserge the Meteoran Cinder Acolyte began the quest
                  | for the Orb.
     0 | D:1      | Reached XP level 1. HP: 19/19 MP: 3/3
    32 | D:1      | You fall into a shaft and drop 1 floor!
    51 | D:2      | Reached XP level 2. HP: 21/26 MP: 5/5
    54 | D:2      | Learned a level 2 spell: Scorch
    87 | D:2      | Found Yxuph's Distillery.
   124 | D:1      | Found Ipiurch's General Store.
   253 | D:1      | Reached XP level 3. HP: 29/31 MP: 6/6
   586 | D:2      | Found a faded altar of an unknown god.
   649 | D:2      | Found a runed translucent door.
   650 | D:2      | Noticed Crazy Yiuf
   657 | D:2      | Killed Crazy Yiuf
   658 | D:2      | Reached skill level 5 in Maces & Flails
   658 | D:2      | Reached skill level 1 in Dodging
   658 | D:2      | Reached XP level 4. HP: 16/40 MP: 7/7
   696 | D:2      | Identified the +4 long sword "Sairoij" {protect, rPois
                  | Str+6}
   815 | D:2      | Reached skill level 1 in Armour
   879 | D:2      | Noticed Terence
   888 | D:2      | Killed Terence
   889 | D:2      | Reached XP level 5. HP: 18/46 MP: 8/8
   944 | D:2      | Reached skill level 1 in Staves
   950 | D:2      | HP: 2/46 [gnoll/+0 spear (1)]
   952 | D:2      | Slain by a gnoll

Illustrated notes

Levels and vault maps discovered:
D:1:      dpeg_arrival_radiant, layout_basic, serial_shops,
          nicolae_shop_waterfront
D:2:      layout_basic, serial_shops, shop, serial_corexii_hall,
          corexii_hall_statues_deadend, chequers_hall_statues_wall_a,
          chequers_hall_statues_y, corexii_hall_statues_l,
          corexii_hall_statues_l, chequers_hall_statues_corner_a,
          nicolae_ecumenical_pavilion, chequers_hall_statues_wall_a,
          uniq_terence, uniq_sigmund, uniq_crazy_yiuf_cottage

Skill      XL: |  1  2  3  4  5 |
---------------+----------------+-----
Fire Magic     | 4 |  4.1
Maces & Flails | 5 |  5.0
Dodging        | 1 |  1.5
Armour         | 1 |  1.6
Fighting       | 4 |  4.2
Staves         | 1 |  1.0
Spellcasting   | |  1.3

Action                     |  1- 3 |  4- 6 || total
---------------------------+-------+-------++-------
  Melee: Mace              |    79 |       ||    79
         Whip              |    10 |       ||    10
         Quarterstaff      |       |    34 ||    34
 Armour: Robe              |    27 |       ||    27
         Leather armour    |     1 |     2 ||     3
         Ring mail         |       |     3 ||     3
         Scale mail        |       |     7 ||     7
  Dodge: Dodged            |    64 |     8 ||    72
